 Seeded DCSS version 0.27.1-34-g3ba077fa99 (webtiles) character file.

Game seed: 20220113 (custom seed)

13115 pkoi the Carver (level 11, 0/89 HPs)
             Began as a Minotaur Fighter on Jan 13, 2022.
             Was a High Priest of Okawaru.
             Succumbed to a cane toad's poison
             ... on level 2 of the Lair of Beasts.
             The game lasted 00:16:41 (16011 turns).

pkoi the Carver (Minotaur Fighter)                 Turns: 16011, Time: 00:16:41

Health: 0/89       AC: 16    Str: 22    XL:     11   Next: 71%
Magic:  12/14      EV: 17    Int:  7    God:    Okawaru [*****.]
Gold:   601        SH: 14    Dex: 10    Spells: 10/10 levels left

rFire    + . .     SeeInvis .   d - +2 scimitar (flame)
rCold    . . .     Faith    .   c - +1 kite shield
rNeg     . . .     Spirit   .   b - +0 scale mail
rPois    .         Reflect  .   (helmet restricted)
rElec    .         Harm     .   E - +0 cloak
rCorr    .         Rampage  .   u - +1 pair of gloves
Will     .....                  o - +0 pair of boots
Stlth    +.........             (no amulet)
HPRegen  0.24/turn              r - +4 ring of evasion
MPRegen  0.14/turn              F - ring of protection from fire

@: lethally poisoned (0 -> -19), heroic
A: horns 2, retaliatory headbutt, hooves 1, shaggy fur 1
a: Renounce Religion, Heroism, Finesse


You were on level 2 of the Lair of Beasts.
You worshipped Okawaru.
Okawaru was extremely pleased with you.
You visited 3 branches of the dungeon, and saw 14 of its levels.

You collected 601 gold pieces.

Inventory:

Hand Weapons
 d - a +2 scimitar of flaming (weapon)
 q - a +2 long sword of freezing
Missiles
 e - 5 boomerangs of dispersal
 p - 3 javelins
 w - 3 curare-tipped darts
 y - 49 poisoned darts (quivered)
 G - a throwing net
 H - 7 atropa-tipped darts
Armour
 b - a +0 scale mail (worn)
 c - a +1 kite shield (worn)
 o - a +0 pair of boots (worn)
 u - a +1 pair of gloves (worn)
 E - a +0 cloak (worn)
Jewellery
 r - a +4 ring of evasion (left hand)
 F - a ring of protection from fire (right hand)
Wands
 j - a wand of flame (16)
 k - a wand of paralysis (5)
 s - a wand of digging (6)
 x - a wand of charming (16)
 z - a wand of mindburst (17)
 A - a wand of acid (26)
 B - a wand of polymorph (7)
Scrolls
 f - a scroll of silence
 g - 5 scrolls of enchant weapon
 i - 4 scrolls of fog
 l - a scroll of enchant armour
 n - 6 scrolls of identify
 v - a scroll of teleportation
Potions
 a - a potion of heal wounds
 h - 7 potions of curing
 m - 2 potions of lignification
 t - a potion of magic
 C - a potion of ambrosia
 D - a potion of brilliance


   Skills:
 - Level 6.0(11.0) Fighting
 + Level 11.2(16.2) Long Blades
 + Level 6.7(11.7) Throwing
 - Level 9.0(14.0) Armour
 + Level 5.9(10.9) Dodging
 + Level 9.3(14.3) Shields
 + Level 6.4 Invocations
 + Level 5.8 Evocations


You had 10 spell levels left.
You didn't know any spells.
Your spell library contained the following spells:

 Spells                   Type           Power      Damage    Failure   Level
 Animate Skeleton         Necr           0%         N/A       71%         1
 Beastly Appendage        Tmut           0%         N/A       71%         1
 Pain                     Necr           0%         1d4       71%         1
 Wereblood                Tmut           0%         N/A       83%         2
 Spider Form              Tmut/Pois      0%         N/A       97%         3
 Vampiric Draining        Necr           0%         2d6       97%         3
 Freezing Cloud           Conj/Ice/Air   0%         6-21      100%        5
 Dispersal                Tloc           0%         N/A       100%        6
 Simulacrum               Ice/Necr       0%         N/A       100%        6
 Disjunction              Tloc           0%         N/A       100%        8
 Polar Vortex             Ice            0%         N/A       100%        9


Dungeon Overview and Level Annotations

Branches:
Dungeon (11/15)            Temple (1/1) D:4            Lair (2/6) D:9
  Swamp: Lair:2-4    Shoals: Lair:2-4     Snake: Lair:2-4    Spider: Lair:2-4
    Orc: D:9-12

Altars:
Ashenzari
Cheibriados
Dithmenos
Elyvilon
Fedhas
Gozag
Hepliaklqana
Kikubaaqudgha
Makhleb
Nemelex Xobeh
Okawaru
Qazlal
Ru
Sif Muna
Trog
Uskayaw
Vehumet
Wu Jian
Yredelemnul
Zin
The Shining One

Shops:
D:6 !   D:9 *

Annotations:
D:10 2 transporters


Innate Abilities, Weirdness & Mutations

You have a pair of horns on your head.
You reflexively headbutt those who attack you in melee.
You have large cloven feet.
You are covered in fur. (AC +1)


Message History

You are too injured to fight recklessly!
You are too injured to fight recklessly!
You are too injured to fight recklessly!
You are too injured to fight recklessly!
You are too injured to fight recklessly!
You are too injured to fight recklessly!
You barely miss the komodo dragon. Your headbutt misses the komodo dragon.
The komodo dragon is severely wounded.
The komodo dragon bites you!!
* * * LOW HITPOINT WARNING * * *
You block the cane toad's attack.
You barely miss the komodo dragon.
The komodo dragon is severely wounded.
The cane toad closely misses you. The komodo dragon closely misses you.
You riposte.
You slash the komodo dragon! You burn the komodo dragon.
You headbutt the komodo dragon.
You kill the komodo dragon!
Okawaru accepts your kill.
You gain the combat prowess of a mighty hero.
The cane toad stings you!
* * * LOW HITPOINT WARNING * * *
You hit the cane toad. You burn the cane toad.
The cane toad is lightly wounded.
The cane toad stings you but does no damage.
You slash the cane toad! You burn the cane toad.
Your headbutt misses the cane toad.
The cane toad is heavily wounded.
You block the cane toad's attack.
You closely miss the cane toad. You headbutt the cane toad!
The cane toad is almost dead.
The cane toad stings you!
* * * LOW HITPOINT WARNING * * *
You are lethally poisoned!
The cane toad poisons you!
You hit the cane toad. You burn the cane toad. You headbutt the cane toad.
You kill the cane toad!
Okawaru accepts your kill. Okawaru grants you armour!
Something appears at your feet!
You see here a scarf of shadows.
You die...

#..........#..
#.##......##.#
.......P...##.#
###............#
#.#####...#.#.#
#. #.#...## .
.######..# .
#.P..#...#
.......@.#
...#P#.†## .
####.# #.# #..
#.# #.P ..#


There were no monsters in sight!

Vanquished Creatures
  Erica (D:10)
  An ugly thing (D:11)
  An elephant (D:9)
  A black mamba (Lair:1)
  3 cane toads
  2 komodo dragons
  2 kobold demonologists (D:9)
  3 trolls
  3 blink frogs (Lair:1)
  A hornet (D:7)
  A shadow (D:10)
  21 yaks
  2 wraiths
  2 wyverns (D:9)
  A vampire mosquito (D:11)
  2 acid dragons
  3 water moccasins
  3 orc warriors
  A black bear (D:9)
  A hornet zombie (D:7)
  A necrophage (D:5)
  3 centaurs
  3 kobold brigands
  3 gnoll sergeants
  3 bullfrogs
  3 scorpions
  A water moccasin zombie (D:3)
  A water moccasin skeleton (D:4)
  8 killer bees
  2 electric eels (D:9)
  2 howler monkeys (D:8)
  A bullfrog zombie (D:6)
  5 centaur zombies
  A jelly (D:7)
  A bullfrog skeleton (D:6)
  3 orc priests
  A centaur skeleton (D:6)
  2 gnoll shamans
  An iguana (D:6)
  15 orc wizards
  A killer bee zombie (D:6)
  A hound zombie (D:3)
  A hound skeleton (D:4)
  A howler monkey zombie (D:3)
  20 gnolls
  A howler monkey skeleton (D:6)
  7 adders
  2 shadow imps
  A white imp (D:6)
  An ufetubus (D:6)
  A worm (D:2)
  2 dart slugs
  25 orcs
  8 bats
  4 endoplasms
  4 giant cockroaches
  4 goblins
  5 hobgoblins
  3 jackals (D:4)
  4 quokkas
  7 ball pythons
  A ball python zombie (D:3)
  5 frilled lizards
  21 kobolds
  9 rats
254 creatures vanquished.

Vanquished Creatures (others)
  2 plants (D:9)
2 creatures vanquished.

Grand Total: 256 creatures vanquished

Notes
Turn   | Place    | Note
-------+----------+-------------------------------------------
     0 | D:1      | pkoi the Minotaur Fighter began the quest for the Orb.
     0 | D:1      | Reached XP level 1. HP: 19/19 MP: 0/0
   244 | D:1      | Reached skill level 3 in Long Blades
   245 | D:1      | Reached XP level 2. HP: 22/26 MP: 1/1
   474 | D:1      | Found a faded altar of an unknown god.
   661 | D:1      | Reached skill level 4 in Long Blades
   930 | D:2      | Reached XP level 3. HP: 31/31 MP: 2/2
  1059 | D:2      | Found an ancient bone altar of Kikubaaqudgha.
  1488 | D:2      | Reached skill level 5 in Long Blades
  1748 | D:3      | Found a shimmering blue altar of Sif Muna.
  1994 | D:3      | Reached XP level 4. HP: 39/39 MP: 3/3
  2015 | D:3      | Reached skill level 6 in Long Blades
  2099 | D:3      | Reached XP level 5. HP: 42/45 MP: 4/4
  2171 | D:3      | Found a basalt altar of Yredelemnul.
  2649 | D:3      | Found an iron altar of Okawaru.
  2659 | D:3      | Reached skill level 7 in Long Blades
  2666 | D:3      | Became a worshipper of Warmaster Okawaru
  2748 | D:3      | Found a shadowy altar of Dithmenos.
  3290 | D:4      | Reached XP level 6. HP: 52/52 MP: 5/5
  3976 | D:4      | Found a staircase to the Ecumenical Temple.
  4044 | Temple   | Entered the Ecumenical Temple
  4397 | D:5      | Entered Level 5 of the Dungeon
  4534 | D:5      | Reached * piety under Okawaru
  4535 | D:5      | Reached skill level 8 in Long Blades
  4535 | D:5      | Reached XP level 7. HP: 60/60 MP: 6/6
  4947 | D:5      | Reached skill level 1 in Throwing
  5436 | D:5      | Found an opulent altar of Gozag.
  5437 | D:5      | Found a burning altar of Makhleb.
  5438 | D:5      | Found a sparkling altar of Nemelex Xobeh.
  5439 | D:5      | Found a sacrificial altar of Ru.
  5765 | D:6      | Found Hiorruqe's Distillery.
  6181 | D:6      | Reached skill level 5 in Fighting
  6181 | D:6      | Reached skill level 5 in Armour
  6181 | D:6      | Reached skill level 5 in Shields
  6181 | D:6      | Reached skill level 1 in Invocations
  6181 | D:6      | Reached skill level 1 in Evocations
  6181 | D:6      | Reached XP level 8. HP: 57/68 MP: 6/8
  6185 | D:6      | Identified the +2 leather armour of Zount {rF+++ rC- Int-2
                  | SInv}
  6785 | D:6      | Reached ** piety under Okawaru
  7172 | D:7      | Gained mutation: You sometimes lose the ability to read
                  | scrolls when taking damage. [potion of mutation]
  7172 | D:7      | Gained mutation: Your spells are a little harder to cast,
                  | but a little more powerful. [potion of mutation]
  8243 | D:7      | Lost mutation: You sometimes lose the ability to read
                  | scrolls when taking damage. [potion of mutation]
  8243 | D:7      | Lost mutation: Your spells are a little harder to cast, but
                  | a little more powerful. [potion of mutation]
  8243 | D:7      | Gained mutation: You have large cloven feet. [potion of
                  | mutation]
  8243 | D:7      | Gained mutation: You are covered in fur. (AC +1) [potion of
                  | mutation]
  8358 | D:7      | Reached skill level 9 in Long Blades
  8457 | D:7      | Noticed a hornet
  8464 | D:7      | Killed a hornet
  8465 | D:7      | Reached XP level 9. HP: 69/75 MP: 7/10
  8933 | D:7      | Reached *** piety under Okawaru
  8934 | D:7      | Reached skill level 1 in Dodging
  9685 | D:8      | Found an ancient bone altar of Kikubaaqudgha.
 10203 | D:9      | Noticed a troll
 10214 | D:9      | Killed a troll
 10222 | D:9      | Reached **** piety under Okawaru
 10444 | D:9      | Reached XP level 10. HP: 70/83 MP: 9/12
 10655 | D:9      | Noticed an elephant
 10656 | D:9      | Found a staircase to the Lair.
 10717 | D:9      | Noticed a smoke demon
 10718 | D:9      | Killed an elephant
 10718 | D:9      | Received a gift from Okawaru
 10731 | D:9      | Noticed a smoke demon
 11100 | D:9      | Noticed a smoke demon
 11105 | D:9      | Reached skill level 10 in Long Blades
 11105 | D:9      | Reached skill level 5 in Throwing
 11196 | D:9      | Found Pigos Ofru's General Store.
 11669 | D:10     | Entered Level 10 of the Dungeon
 11683 | D:10     | Found a hide-covered altar of Uskayaw.
 11778 | D:10     | Found a hazy altar of Hepliaklqana.
 12057 | D:10     | Received a gift from Okawaru
 12058 | D:10     | Reached skill level 5 in Invocations
 12171 | D:10     | Found a transporter.
 12554 | D:10     | Found a transporter.
 12897 | D:10     | Found an ornate altar of the Wu Jian Council.
 13189 | D:11     | Noticed a green ugly thing
 13201 | D:11     | Killed a green ugly thing
 13203 | D:11     | Reached ***** piety under Okawaru
 13204 | D:11     | Reached skill level 5 in Evocations
 13256 | D:11     | Reached XP level 11. HP: 34/89 MP: 12/14
 13560 | D:11     | Noticed a purple ugly thing
 13560 | D:11     | Noticed a two-headed ogre
 13576 | D:11     | Noticed Erica
 13590 | D:10     | Killed Erica
 13987 | D:11     | Reached skill level 5 in Dodging
 14159 | Lair:1   | Entered Level 1 of the Lair of Beasts
 14477 | Lair:1   | Identified the +1 whip of Wounding {speed, rN+}
 14509 | Lair:1   | Received a gift from Okawaru
 14803 | Lair:1   | Reached skill level 11 in Long Blades
 15444 | Lair:1   | Received a gift from Okawaru
 16010 | Lair:2   | HP: 4/89 [cane toad (17)]
 16011 | Lair:2   | Received a gift from Okawaru
 16011 | Lair:2   | Succumbed to a cane toad's poison

Illustrated notes

Levels and vault maps discovered:
D:1:      erik_arrival_orb_chamber, layout_rooms, basic_ecumenical_altar
D:2:      layout_loops_ring, basic_altar
D:3:      layout_loops_ring, mainiacjoe_overflow_alcove_2,
          nicolae_yredelemnul_corpse_copse, mainiacjoe_overflow_24_doors,
          okawaru_altar_gauntlet_db, chequers_hall_statues_y
D:4:      layout_loops_cross, minmay_temple_entry_trees
D:5:      layout_basic, mainiacjoe_overflow_alcove_3
D:6:      layout_gridville, serial_shops, shop, kennysheep_generic_room_6
D:7:      layout_loops_ring
D:8:      layout_gridville, mainiacjoe_overflow_surrounded_room
D:9:      layout_basic, nicolae_overflow_hidden_temple, david_lair_generic,
          serial_shops, nicolae_shop_stone, minmay_crystal_water
D:10:     gammafunk_worm_tunnel, layout_stronghold, nzn_wu_jian_council_hall,
          mainiacjoe_overflow_small_starburst, nzn_hepliaklqana_mist_gate
D:11:     minmay_s_stair_smasher, layout_loops_cross, david_orc_5,
          portal_ice_cave_entry_ice_simulacra, gauntlet_entry_generic,
          fedhas_altar_2, uniq_erica
Temple:   compressed_dpeg_triangle_lava_temple
Lair:1:   layout_regular_city
Lair:2:   layout_loops_ring, spider_nest_entry_rubble, uniq_maggie

Skill      XL: |  1  2  3  4  5  6  7  8  9 10 11 |
---------------+----------------------------------+-----
Long Blades    | 3 4 5 6 7 8 9 10 11 | 11.2
Fighting       | 4 5 6 |  6.0
Shields        | 4 5 6 7 8 9 |  9.3
Armour         | 4 5 6 7 8 9 |  9.0
Throwing       | 2 3 4 5 6 |  6.7
Invocations    | 1 3 4 5 6 |  6.4
Evocations     | 1 2 3 5 |  5.8
Dodging        | 2 4 5 |  5.9

Action                   |  1- 3 |  4- 6 |  7- 9 | 10-12 || total
-------------------------+-------+-------+-------+-------++-------
Melee: Long sword        |    93 |   106 |   205 |   245 ||   649
       Headbutt          |    10 |    25 |    64 |    77 ||   176
       Dagger            |       |    34 |    89 |       ||   123
       Kick              |       |       |    50 |    18 ||    68
       Scimitar          |       |       |       |   119 ||   119
Invok: Heroism           |       |       |     8 |     9 ||    17
  Use: Scroll            |       |     2 |    11 |     1 ||    14
       Potion            |       |       |     8 |     2 ||    10
Armor: Scale mail        |    40 |    51 |    83 |   133 ||   307
Dodge: Dodged            |    35 |    42 |   152 |   139 ||   368
Block: Kite shield       |    55 |    60 |   172 |   214 ||   501
       Rpst.: Long sword |     8 |     6 |    29 |    17 ||    60
       Scimitar          |       |       |       |    12 ||    12
